 Dungeon Crawl Stone Soup version 0.17-a0-1951-g62301d3 (webtiles) character file.

615 Ordine the Twirler (level 7, -2/56 HPs)
             Began as a Minotaur Gladiator on Oct 3, 2015.
             Was a Follower of Okawaru.
             Killed from afar by an orc wizard (6 damage)
             ... with a puff of flame
             ... on level 4 of the Dungeon.
             The game lasted 00:12:42 (3801 turns).

Ordine the Twirler (Minotaur Gladiator)             Turns: 3801, Time: 00:12:42

Health: -2/56      AC:  8    Str: 20    XL:     7   Next: 21%
Magic:  6/6        EV: 12    Int:  5    God:    Okawaru [*.....]
Gold:   137        SH:  0    Dex: 12    Spells: 0 memorised, 6 levels left

rFire  + . .     SeeInvis .     a - +0 quarterstaff
rCold  . . .     Clarity  .     o - +1 scale mail
rNeg   . . .     SustAt   .     (no shield)
rPois  +         Gourm    .     c - +0 hat
rElec  .         Spirit   .     (no cloak)
rCorr  .         Warding  .     (no gloves)
rMut   .         Stasis   .     (no boots)
MR     .....                    (no amulet)
Stlth  ..........               j - ring of poison resistance
                                b - ring of protection from fire

@: not resistant to hostile enchantments, extremely unstealthy
A: retaliatory headbutt, horns 2
a: Heroism, Renounce Religion


You were on level 4 of the Dungeon.
You worshipped Okawaru.
Okawaru was aware of your devotion.
You were not hungry.

You visited 1 branch of the dungeon, and saw 5 of its levels.
You also visited: Ossuary.

You collected 137 gold pieces.

Inventory:

Hand weapons
 a - a +0 quarterstaff (weapon)
Missiles
 d - 3 throwing nets (quivered)
Armour
 c - a +0 hat (worn)
 o - a +1 scale mail (worn)
Jewellery
 b - a ring of protection from fire (left hand)
 j - a ring of poison resistance (right hand)
Magical devices
 t - a wand of magic darts (10)
Scrolls
 f - 2 scrolls of remove curse
 g - a scroll of torment
 p - 5 scrolls of blinking
 r - a scroll of immolation
Potions
 l - 3 potions of might {unknown}
 n - 2 potions of haste {unknown}
 s - a potion of ambrosia {unknown}
 u - a potion of flight {unknown}
 v - a potion of resistance {unknown}
Comestibles
 e - 3 bread rations
 h - a royal jelly
 k - 2 chunks of flesh
 q - a beef jerky


   Skills:
 - Level 2.4 Fighting
 * Level 7.8 Staves
 - Level 2.0 Throwing
 + Level 4.1 Armour
 + Level 5.2 Dodging


You had 6 spell levels left.
You didn't know any spells.

Dungeon Overview and Level Annotations

Branches:
Dungeon (5/15)
 Temple: D:4-7

Altars:
Ashenzari
Okawaru


Innate Abilities, Weirdness & Mutations

You reflexively headbutt those who attack you in melee.
You have a pair of horns on your head.


Message History

You miss something. You barely miss something. You headbutt something.
Something hits you but does no damage.
You hit something. Something hits you but does no damage.
You barely miss something. Something barely misses you.
You closely miss something. Something hits you but does no damage.
You hit something but do no damage. Your headbutt misses something.
You hear some strange, mumbled words.
A puff of flame appears from out of thin air!
The puff of flame hits you! You resist.
* * * LOW HITPOINT WARNING * * *
You closely miss something. Your headbutt misses something.
Something hits you but does no damage.
You hit something but do no damage. You headbutt something.
Something hits you but does no damage.
You closely miss something.
You hear some strange, mumbled words.
A puff of flame appears from out of thin air!
The puff of flame hits you! You resist.
You die...

..##..o...##o......(...#.........
#.##.#.##.######†.........##....#
#......##.# #.>.######.##....#
####.#..#.# #.).# #.##....#
#.##.#.# #...# #.##.#..# #.)))..#
##.#### #.......#
####(#########....####........
#...........{###.##.......###
.......##.#####@##.#.#.####.>..#
####.####.#...#)#.###..####..#..
#.#......#....## ##....#..###
#.#.##.#...#...# ..##.#..#
#.#.##.#####..#.# #.##.#...
#.............##.##.....
###.#########.# ######.# #.#
####>#### #.# #.##
#......[#####.###


There were no monsters in sight!

Vanquished Creatures
  An ogre (D:4)
  A scorpion (D:4)
  A jelly (D:4)
  An orc priest (D:4)
  An orc wizard (D:4)
  Natasha (thrice) (D:4)
  A worker ant (D:4)
  8 big kobold zombies (Ossuary)
  A mummy (Ossuary)
  Robin (D:3)
  2 adders
  2 oozes
  A worm (D:2)
  4 giant geckos
  15 orcs
  4 spectral bats (Ossuary)
  A ball python (D:3)
  3 bats
  2 bat simulacra (Ossuary)
  4 gnoll zombies (Ossuary)
  5 hobgoblins
  7 jackals
  2 giant cockroaches
  3 giant newts
  11 goblins
  4 goblin simulacra (Ossuary)
  5 goblin zombies (Ossuary)
  3 hobgoblin zombies (Ossuary)
  7 kobolds
  2 kobold simulacra (Ossuary)
  7 kobold zombies (Ossuary)
  3 orc zombies (Ossuary)
  2 quokkas (D:4)
  7 rats
  4 rat simulacra (Ossuary)
  A spectral goblin (Ossuary)
  3 spectral kobolds (Ossuary)
  3 spectral rats (Ossuary)
136 creatures vanquished.

Notes
Turn   | Place    | Note
--------------------------------------------------------------
     0 | D:1      | Ordine the Minotaur Gladiator began the quest for the Orb.
     0 | D:1      | Reached XP level 1. HP: 18/18 MP: 0/0
    61 | D:1      | Reached skill level 4 in Staves
   111 | D:1      | Reached XP level 2. HP: 23/25 MP: 1/1
   524 | D:2      | Reached skill level 1 in Armour
   574 | D:2      | Reached XP level 3. HP: 28/30 MP: 2/2
   723 | D:2      | Found an iron altar of Okawaru.
   723 | D:2      | Found a shattered altar of Ashenzari.
   817 | D:2      | Became a worshipper of Warmaster Okawaru
  1583 | D:3      | Noticed Robin
  1595 | D:3      | Killed Robin
  1595 | D:3      | Reached skill level 5 in Staves
  1595 | D:3      | Reached XP level 4. HP: 19/37 MP: 3/3
  2169 | D:4      | Noticed Natasha
  2173 | D:4      | Killed Natasha
  2207 | D:4      | Reached XP level 5. HP: 24/42 MP: 4/4
  2342 | D:4      | Found a sand-covered staircase.
  2365 | Ossuary  | Entered an ossuary
  2454 | Ossuary  | Reached skill level 6 in Staves
  2500 | Ossuary  | Acquired Okawaru's first power
  2504 | Ossuary  | Reached XP level 6. HP: 11/50 MP: 5/5
  3412 | D:4      | Noticed Natasha
  3414 | D:4      | Killed Natasha
  3479 | D:4      | Reached skill level 7 in Staves
  3543 | D:4      | Noticed an ogre
  3552 | D:4      | Killed an ogre
  3552 | D:4      | Reached skill level 5 in Dodging
  3602 | D:4      | Noticed Natasha
  3603 | D:4      | Killed Natasha
  3690 | D:4      | Reached XP level 7. HP: 41/56 MP: 6/6
  3719 | D:5      | Entered Level 5 of the Dungeon
  3801 | D:4      | Killed from afar by an orc wizard

Vault maps used:
D:1:      roderic_octagonal_star
D:2:      gammafunk_temple_overflow_statue, first_bread
D:3:      uniq_robin
D:4:      cheibriados_altar_wand_db, enter_ossuary_2, uniq_natasha
D:5:      amethyst_overflow_temple_binary, minmay_temple_entry_large_hall,
          ashenzari_altar_1
Ossuary:  ossuary_zaba_two_paths

Action                   |  1- 3 |  4- 6 |  7- 9 || total
-------------------------+-------+-------+-------++-------
Melee: Quarterstaff      |    96 |   217 |    51 ||   364
Throw: Throwing net      |       |     2 |       ||     2
  Use: Scroll            |     7 |     6 |     1 ||    14
       Potion            |       |     2 |       ||     2
 Stab: Invisible         |       |     1 |       ||     1
  Eat: Chunk             |     2 |     6 |       ||     8
       Beef jerky        |       |     1 |       ||     1
